 Dungeon Crawl Stone Soup version 0.29.1-4-g47bece8355 (webtiles) character file.

Game seed: 5326549847042816623

10089 p00ps00p the Severer (level 11, -9/99 HPs)
             Began as a Hill Orc Fighter on Dec 2, 2022.
             Was an Initiate of Gozag.
             Mangled by a two-headed ogre
             ... wielding a +0 giant spiked club
              (15 damage)
             ... on level 11 of the Dungeon.
             The game lasted 00:19:03 (8340 turns).

p00ps00p the Severer (Hill Orc Fighter)             Turns: 8340, Time: 00:19:05

Health: -9/99      AC: 28    Str: 30    XL:     11   Next: 56%
Magic:  11/11      EV:  6    Int: 10    God:    Gozag
Gold:   206        SH: 14    Dex: 10    Spells: 10/10 levels left

rFire   x . .      SeeInvis .   a - +2 war axe (vamp)
rCold   + . .      Faith    .   u - +1 tower shield {rC+}
rNeg    + . .      Spirit   .   g - +6 chain mail
rPois   .          Reflect  .   H - +3 helmet of Bad Feelings {+Blink rF- rN+ Int+2}
rElec   .          Harm     .   e - +2 cloak
rCorr   .          Rampage  .   m - +0 pair of gloves
Will    .....                   p - +0 pair of boots
Stlth   ..........              k - amulet of regeneration
HPRegen 1.06/turn               E - +6 ring of strength
MPRegen 0.12/turn               (no ring)

@: slowed, invisible, very slow
A: no striking features
a: Renounce Religion, Evoke Blink, Potion Petition, Call Merchant, Bribe Branch


You were on level 11 of the Dungeon.
You worshipped Gozag.
Gozag was aware of your devotion.
You visited 2 branches of the dungeon, and saw 12 of its levels.

You collected 1564 gold pieces.
You spent 510 gold pieces at shops.
You paid 848 gold pieces to Gozag.

Inventory:

Hand Weapons
 a - a +2 vampiric war axe (weapon)
 B - a +4 falchion of holy wrath
Missiles
 t - 27 poisoned darts (quivered)
 z - a throwing net
 D - 3 javelins
Armour
 e - a +2 cloak (worn)
 g - a +6 chain mail (worn)
 m - a +0 pair of gloves (worn)
 p - a +0 pair of boots (worn)
 u - a +1 tower shield of cold resistance (worn)
 H - the +3 helmet of Bad Feelings (worn) {+Blink rF- rN+ Int+2}
   (You bought it in a shop on level 10 of the Dungeon)

   Int:       It affects your intelligence (+2).
   rF:        It makes you vulnerable to fire.
   rN:        It protects you from negative energy.
   +Blink:    It lets you blink.
Jewellery
 k - an amulet of regeneration (around neck)
 w - an amulet of guardian spirit
 E - a +6 ring of strength (left hand)
Wands
 q - a wand of flame (17)
 r - a wand of polymorph (13)
 y - a wand of roots (12)
Scrolls
 d - 6 scrolls of teleportation
 f - 2 scrolls of amnesia
 i - 9 scrolls of identify
 s - a scroll of magic mapping
Potions
 b - a potion of cancellation
 j - 2 potions of flight
 l - a potion of mutation
 o - a potion of heal wounds {unknown}
 v - a potion of attraction {unknown}
 x - 2 potions of haste {unknown}
 A - 2 potions of magic {unknown}
 C - 2 potions of lignification {unknown}
 F - a potion of degeneration {unknown}
 G - 7 potions of ambrosia


   Skills:
 + Level 10.1 Fighting
 + Level 15.6 Axes
 + Level 9.4 Armour
 + Level 2.5 Dodging
 + Level 2.0 Stealth
 + Level 6.9 Shields
 + Level 1.2 Unarmed Combat


You had 10 spell levels left.
You didn't know any spells.
Your spell library contained the following spells:

 Spells                   Type           Power      Damage    Failure   Level
 Static Discharge         Conj/Air       0%         3-3/arc   100%        2
 Sublimation of Blood     Necr           0%         N/A       100%        2
 Cause Fear               Hex            0%         N/A       100%        4
 Petrify                  Tmut/Erth      0%         N/A       100%        4
 Irradiate                Conj/Tmut      0%         3d11      100%        5
 Lightning Bolt           Conj/Air       0%         1d11      100%        5
 Dragon Form              Tmut           0%         N/A       100%        7
 Maxwell's Capacitive Co  Air            0%         ∞         100%        8
 Dragon's Call            Summ           0%         N/A       100%        9


Dungeon Overview and Level Annotations

Branches:
Dungeon (11/15)            Temple (1/1) D:6             Orc (0/2) D:10
   Lair: D:8-11

Altars:
Ashenzari
Cheibriados
Dithmenos
Elyvilon
Fedhas
Gozag
Hepliaklqana
Kikubaaqudgha
Makhleb
Nemelex Xobeh
Okawaru
Qazlal
Ru
Sif Muna
Trog
Uskayaw
Vehumet
Wu Jian
Xom
Yredelemnul
Zin
The Shining One

Shops:
D:5 *   D:9 [   D:10 [*


Message History

You slice the two-headed ogre!!
The two-headed ogre hits you with a +0 giant spiked club.
The two-headed ogre hits you but does no damage.
The two-headed ogre hits you with a +0 giant spiked club!
The two-headed ogre hits you with a +0 giant club.
You slash the two-headed ogre!
The two-headed ogre is heavily wounded.
You hit the two-headed ogre but do no damage.
The two-headed ogre hits you with a +0 giant spiked club.
The two-headed ogre hits you with a +0 giant club.
You block the two-headed ogre's attack.
The two-headed ogre hits you but does no damage.
The two-headed ogre closely misses you. You block the two-headed ogre's attack.
The two-headed ogre hits you but does no damage.
The two-headed ogre hits you with a +0 giant club.
* * * LOW HITPOINT WARNING * * *
You fade into invisibility!
The two-headed ogre hits you with a +0 giant spiked club!
* * * LOW HITPOINT WARNING * * *
The two-headed ogre hits you but does no damage.
You block the two-headed ogre's attack. x2
You barely miss the two-headed ogre.
The two-headed ogre is heavily wounded.
You hit the two-headed ogre.
You feel better.
You block the two-headed ogre's attack. x2
The two-headed ogre hits you with a +0 giant spiked club!
* * * LOW HITPOINT WARNING * * *
The two-headed ogre hits you with a +0 giant club!
* * * LOW HITPOINT WARNING * * *
Read: scroll of fear
Press: ? - help, Q - select action, (/) - cycle Dir - look around, f - activate Look: a two-headed ogre, wielding a +0 giant spiked club and a +0 giant club (heavily wounded, unable to see you, chance to affect: 90%)
As you read the scroll of fear, it crumbles to dust.
You assume a fearsome visage.
The two-headed ogre looks frightened! x2
You block the two-headed ogre's attack.
The two-headed ogre hits you but does no damage.
The two-headed ogre hits you with a +0 giant spiked club!
You die...
Your body crumbles into a pile of gold.

#.....# .......##
#.....# ........#
#.....# ........#
#.....# .....=..#
#.....## ........#
##......# ### ........#
#..####.# #.#
......OO###.#####.###.#
>...>..@#.......#..##.#
................##.#..#
................##...##
>................##..#
..(...............#..#
................#.#..#
.....#........###.#..#
........##......#.#..###
....... ......#...<[..


You could see 2 two-headed ogres.

Vanquished Creatures
  Gastronok (D:11)
  A two-headed ogre (D:9)
  A gargoyle (D:10)
  An unseen horror (D:10)
  A troll (D:10)
  A queen bee (D:9)
  Grinder (D:3)
  Prince Ribbit (D:8)
  2 wyverns
  14 yaks
  Eustachio (D:4)
  2 wraiths
  2 steam dragons
  2 water moccasins
  A black bear (D:5)
  2 orc warriors
  An ogre (D:5)
  3 centaurs
  The ghost of LustLizard the Insei, an amateur OpTm (D:6)
  4 kobold brigands
  4 bullfrogs
  A necrophage (D:5)
  3 scorpions
  34 killer bees (D:9)
  4 howler monkeys
  Crazy Yiuf (D:4)
  3 gnoll boudas
  2 orc priests (D:8)
  3 hounds
  3 iguanas
  2 orc wizards (D:5)
  Terence (D:3)
  Robin (D:3)
  10 gnolls
  9 adders
  2 shadow imps
  3 white imps
  2 ufetubi
  3 dart slugs
  18 orcs
  9 ball pythons
  7 bats
  8 endoplasms
  2 giant cockroaches
  25 goblins
  7 hobgoblins
  10 jackals
  A quokka (D:1)
  2 frilled lizards (D:1)
  17 kobolds
  4 rats
244 creatures vanquished.

Vanquished Creatures (others)
  A plant (D:7)
1 creature vanquished.

Grand Total: 245 creatures vanquished

Notes
Turn   | Place    | Note
-------+----------+-------------------------------------------
     0 | D:1      | p00ps00p the Hill Orc Fighter began the quest for the Orb.
     0 | D:1      | Reached XP level 1. HP: 19/19 MP: 1/1
    83 | D:1      | Reached XP level 2. HP: 23/27 MP: 2/2
   201 | D:1      | Reached skill level 3 in Axes
   468 | D:1      | Reached XP level 3. HP: 33/33 MP: 3/3
  1044 | D:2      | Reached skill level 4 in Axes
  1273 | D:2      | Found a faded altar of an unknown god.
  1288 | D:2      | Reached XP level 4. HP: 40/40 MP: 4/4
  1994 | D:3      | Noticed Terence
  2004 | D:3      | Killed Terence
  2005 | D:3      | Reached skill level 5 in Axes
  2005 | D:3      | Reached XP level 5. HP: 37/40 MP: 5/5
  2106 | D:3      | Noticed Robin
  2125 | D:3      | Killed Robin
  2312 | D:3      | Noticed Grinder
  2325 | D:3      | Paralysed by Grinder for 3 turns
  2343 | D:3      | Killed Grinder
  2344 | D:3      | Reached skill level 7 in Axes
  2344 | D:3      | Reached skill level 1 in Dodging
  2344 | D:3      | Reached skill level 1 in Unarmed Combat
  2344 | D:3      | Reached XP level 6. HP: 20/55 MP: 6/6
  2778 | D:4      | Reached XP level 7. HP: 60/60 MP: 7/7
  2833 | D:4      | Noticed Eustachio
  2845 | D:4      | Killed Eustachio
  2846 | D:4      | Reached skill level 5 in Fighting
  2918 | D:4      | Reached skill level 8 in Axes
  2951 | D:4      | Found a sacrificial altar of Ru.
  3107 | D:4      | Found a runed translucent door.
  3108 | D:4      | Noticed Crazy Yiuf
  3117 | D:4      | Killed Crazy Yiuf
  3264 | D:5      | Entered Level 5 of the Dungeon
  3345 | D:5      | Reached XP level 8. HP: 67/69 MP: 8/8
  3407 | D:5      | Reached skill level 9 in Axes
  3734 | D:5      | Found Mogh's General Store.
  3826 | D:5      | Found a hazy altar of Hepliaklqana.
  3828 | D:5      | Found a basalt altar of Yredelemnul.
  3839 | D:5      | Found a glowing golden altar of the Shining One.
  3878 | D:5      | Found a stormy altar of Qazlal.
  3881 | D:5      | Found a hide-covered altar of Uskayaw.
  4138 | D:6      | Reached skill level 5 in Armour
  4455 | D:6      | Found a staircase to the Ecumenical Temple.
  4466 | Temple   | Entered the Ecumenical Temple
  4625 | Temple   | Became a worshipper of Gozag Ym Sagoz the Greedy
  4840 | D:6      | Found a runed translucent door.
  4841 | D:6      | Noticed LustLizard's ghost (amateur OpTm)
  4936 | D:6      | Killed LustLizard's ghost
  4943 | D:6      | Reached skill level 10 in Axes
  5290 | D:7      | Reached XP level 9. HP: 78/78 MP: 9/9
  5463 | D:7      | Reached skill level 5 in Shields
  5583 | D:7      | Reached skill level 11 in Axes
  5786 | D:8      | Noticed Prince Ribbit
  5814 | D:8      | Killed Prince Ribbit
  5891 | D:8      | Reached skill level 1 in Stealth
  6442 | D:9      | Found Kuqac's Armour Shop.
  6450 | D:9      | Reached skill level 12 in Axes
  6466 | D:9      | Reached XP level 10. HP: 88/88 MP: 10/10
  6535 | D:9      | Reached skill level 13 in Axes
  6644 | D:9      | Noticed a two-headed ogre
  6655 | D:9      | Killed a two-headed ogre
  6694 | D:9      | Reached skill level 14 in Axes
  6908 | D:9      | Reached XP level 11. HP: 65/97 MP: 11/11
  7173 | D:10     | Entered Level 10 of the Dungeon
  7176 | D:10     | Bought a pitted helmet for 285 gold pieces
  7176 | D:10     | Identified the +3 helmet of Bad Feelings {+Blink rF- rN+
                  | Int+2} (You bought it in a shop on level 10 of the Dungeon)
  7244 | D:10     | Reached skill level 15 in Axes
  7306 | D:10     | Found Gidil's General Store.
  7936 | D:10     | Found a staircase to the Orcish Mines.
  8214 | D:10     | Bought a shiny tower shield for 225 gold pieces
  8254 | D:11     | Noticed Gastronok
  8273 | D:11     | Killed Gastronok
  8274 | D:11     | Reached skill level 10 in Fighting
  8287 | D:11     | Identified the +1 robe of Cakkir {Dex+5}
  8331 | D:11     | Noticed a two-headed ogre
  8331 | D:11     | Noticed a two-headed ogre
  8339 | D:11     | HP: 4/99 [two-headed ogre/+0 giant spiked club (10)]
  8340 | D:11     | Mangled by a two-headed ogre

Illustrated notes

Levels and vault maps discovered:
D:1:      ncdulo_smallfort, layout_loops_ring, minmay_surrounded
D:2:      kennysheep_the_goblin_king, layout_rooms,
          shapermc_ecumenical_altar_notcrosses, minmay_goblin_kobold_house
D:3:      layout_basic, uniq_terence, uniq_grinder, uniq_robin
D:4:      layout_rooms, mainiacjoe_overflow_small_starburst, minmay_between,
          uniq_crazy_yiuf_cottage, uniq_eustachio
D:5:      nicolae_cairo_tiling_very_big, layout_loops_ring,
          minmay_overflow_temple_star_hex, serial_shops, kennysheep_little_box
D:6:      layout_basic, minmay_temple_entry_mist, ebering_ghost_inner_flame
D:7:      layout_basic, serial_bayou_pond_a
D:8:      layout_loops_ring, kennysheep_generic_room_3, uniq_prince_ribbit1
D:9:      layout_cave_pools, serial_shops, nicolae_shop_advertising_works
          [nicolae_subvault_shop_adworks], special_room [special_room_bee],
          kennysheep_generic_room_11
D:10:     layout_stronghold, orc_0_dummy, serial_shops, nicolae_stop_n_shop_2
D:11:     minmay_evil_eye, layout_rooms, erik_lair_orcish_takeover,
          serial_shops, shop_coins, uniq_gastronok
Temple:   nicolae_temple_bog_church

Skill      XL: |  1  2  3  4  5  6  7  8  9 10 11 |
---------------+----------------------------------+-----
Axes           | 3 4 5 7 8 10 12 14 15 | 15.6
Fighting       | 4 5 6 7 9 10 | 10.1
Armour         | 4 6 7 8 9 |  9.4
Dodging        | 1 2 |  2.5
Unarmed Combat | 1 |  1.2
Shields        | 4 5 6 |  6.9
Stealth        | 1 2 |  2.0

Action                   |  1- 3 |  4- 6 |  7- 9 | 10-12 || total
-------------------------+-------+-------+-------+-------++-------
Melee: War axe           |   113 |   110 |   317 |   261 ||   801
       Unarmed           |       |    11 |       |       ||    11
Invok: Call Merchant     |       |       |       |     1 ||     1
  Use: Scroll            |     6 |    10 |     9 |     1 ||    26
       Potion            |       |     3 |     1 |     1 ||     5
 Stab: Distracted        |       |       |     1 |     3 ||     4
Armor: Scale mail        |    30 |       |       |       ||    30
       Chain mail        |    61 |   107 |   231 |   235 ||   634
       Skin              |       |     1 |       |       ||     1
Dodge: Dodged            |    54 |    52 |   116 |   105 ||   327
Block: Buckler           |    39 |    36 |    77 |    77 ||   229
       Tower shield      |       |       |       |    13 ||    13
